[ PARTIDA AOE2 · #482227552 ]
UnrankedEtíopes vs Berbers
Equipo del jugador · DERR
[ ANÁLISIS DE REPETICIÓN · EXTRAÍDO DE LA PARTIDA GRABADA ]
Feudal
8:52
Castillos
22:36
Imperial
—
| APM promedio | 28.4 |
| APM pico | 97 |
| eAPM promedio | 14.3 |
| Aldeanos / militares | 60 / 59 |
Foco
⚔️ 35.8% · 🌾 64.2%
Archer ×44 · Knight ×10 · Camel Scout ×4 · Skirmisher ×1
Feudal
11:22
Castillos
22:33
Imperial
35:16
| APM promedio | 25.9 |
| APM pico | 72 |
| eAPM promedio | 15.0 |
| Aldeanos / militares | 54 / 23 |
Foco
⚔️ 36.4% · 🌾 63.6%
Camel Archer ×15 · Genitour ×5 · Monk ×3
Mapa de la partida
Recursos iniciales + cada clic de construcción. Líneas = muros · curvas = relieve. ◆ oro · ⬟ piedra · ● bayas · ✦ reliquia · ◌ hueco del cierre
Tu base· Abierta — hueco de 12t
Base de los calzoncillos bien abajo· ✓ Cerrada en 22:33 · 55t muro · 3 puerta(s)
Terreno inicial suavizado · ◌ = hueco del cierre detectado · pasá el cursor para detalles
Inputs por minuto
— javali selvagem - - los calzoncillos bien abajo
Build order — javali selvagem
Primeras 150 de 203 acciones detectadas
| 0:01 | Crear | Villager (Male) |
| 0:01 | Crear | Villager (Male) |
| 0:02 | Crear | Villager (Male) |
| 0:02 | Crear | Villager (Male) |
| 0:04 | Construir | House |
| 0:05 | Construir | House |
| 1:45 | Crear | Villager (Male) |
| 2:12 | Crear | Villager (Male) |
| 2:22 | Crear | Villager (Male) |
| 2:52 | Construir | Lumber Camp |
| 2:55 | Crear | Villager (Male) |
| 3:19 | Investigar | Loom |
| 3:22 | Crear | Villager (Male) |
| 3:32 | Construir | House |
| 3:35 | Crear | Villager (Male) |
| 3:37 | Crear | Villager (Male) |
| 4:01 | Crear | Villager (Male) |
| 5:16 | Crear | Villager (Male) |
| 5:17 | Crear | Villager (Male) |
| 5:37 | Investigar | Loom |
| 5:56 | Construir | Mining Camp |
| 6:38 | Crear | Villager (Male) |
| 6:42 | Investigar | Feudal Age |
| 7:18 | Crear | Villager (Male) |
| 8:04 | Construir | Barracks |
| 8:28 | Construir | House |
| 8:34 | Crear | Villager (Male) |
| 8:52 | Edad | Edad Feudal |
| 9:01 | Construir | Archery Range |
| 9:06 | Crear | Villager (Male) |
| 9:18 | Crear | Villager (Male) |
| 9:28 | Investigar | Double-Bit Axe |
| 9:42 | Construir | Archery Range |
| 9:44 | Crear | Villager (Male) |
| 10:15 | Crear | Archer |
| 10:34 | Construir | House |
| 10:37 | Crear | Archer |
| 10:37 | Crear | Archer |
| 10:38 | Crear | Archer |
| 10:38 | Crear | Archer |
| 10:39 | Crear | Villager (Male) |
| 10:51 | Crear | Archer |
| 11:14 | Construir | Mill |
| 11:16 | Crear | Archer |
| 11:42 | Crear | Villager (Male) |
| 11:53 | Construir | Palisade Wall |
| 12:21 | Crear | Archer |
| 12:21 | Crear | Archer |
| 12:26 | Construir | House |
| 12:30 | Construir | Farm |
| 12:34 | Construir | Farm |
| 12:41 | Crear | Villager (Male) |
| 12:42 | Crear | Archer |
| 12:58 | Crear | Archer |
| 13:00 | Crear | Villager (Male) |
| 13:08 | Construir | House |
| 13:13 | Construir | Blacksmith |
| 13:43 | Crear | Archer |
| 13:45 | Crear | Villager (Male) |
| 13:45 | Crear | Villager (Male) |
| 14:12 | Construir | Palisade Wall |
| 14:16 | Construir | Palisade Wall |
| 14:18 | Crear | Villager (Male) |
| 14:48 | Crear | Villager (Male) |
| 15:49 | Crear | Archer |
| 15:49 | Crear | Archer |
| 15:50 | Crear | Archer |
| 15:50 | Crear | Archer |
| 15:50 | Crear | Archer |
| 15:52 | Crear | Villager (Male) |
| 15:53 | Crear | Villager (Male) |
| 15:53 | Crear | Villager (Male) |
| 15:59 | Construir | House |
| 16:06 | Construir | House |
| 16:06 | Construir | House |
| 16:07 | Construir | House |
| 16:12 | Construir | Farm |
| 16:14 | Construir | Farm |
| 16:18 | Construir | Farm |
| 16:21 | Construir | Farm |
| 16:21 | Construir | Farm |
| 16:23 | Construir | Farm |
| 16:25 | Crear | Villager (Male) |
| 16:49 | Investigar | Padded Archer Armor |
| 16:51 | Crear | Villager (Male) |
| 18:10 | Construir | Palisade Wall |
| 18:13 | Construir | Mill |
| 18:15 | Crear | Villager (Male) |
| 18:15 | Crear | Villager (Male) |
| 18:19 | Construir | Palisade Wall |
| 18:23 | Construir | Market |
| 19:38 | Crear | Archer |
| 19:38 | Crear | Archer |
| 19:38 | Crear | Archer |
| 19:46 | Construir | House |
| 19:56 | Investigar | Castle Age |
| 20:00 | Crear | Archer |
| 20:00 | Crear | Archer |
| 20:01 | Crear | Archer |
| 20:01 | Crear | Archer |
| 20:02 | Crear | Archer |
| 20:02 | Crear | Archer |
| 21:04 | Construir | Palisade Wall |
| 21:05 | Construir | Palisade Wall |
| 21:11 | Construir | Stable |
| 21:14 | Construir | Stable |
| 21:21 | Investigar | Scale Barding Armor |
| 21:34 | Construir | Lumber Camp |
| 22:27 | Construir | Farm |
| 22:29 | Construir | Farm |
| 22:36 | Edad | Edad de los Castillos |
| 22:39 | Crear | Knight |
| 22:39 | Crear | Knight |
| 22:40 | Crear | Knight |
| 22:40 | Crear | Knight |
| 22:42 | Crear | Camel Scout |
| 22:42 | Crear | Camel Scout |
| 22:43 | Crear | Camel Scout |
| 22:43 | Crear | Camel Scout |
| 23:00 | Construir | Palisade Wall |
| 23:02 | Investigar | Crossbowman (upgrade) |
| 23:07 | Crear | Villager (Male) |
| 23:08 | Crear | Villager (Male) |
| 23:21 | Construir | Palisade Gate |
| 23:37 | Investigar | Fletching |
| 23:38 | Crear | Villager (Male) |
| 23:38 | Crear | Villager (Male) |
| 23:41 | Construir | Farm |
| 23:51 | Construir | Farm |
| 23:54 | Construir | Farm |
| 23:56 | Construir | Farm |
| 24:00 | Construir | Farm |
| 24:12 | Construir | House |
| 24:13 | Construir | Palisade Wall |
| 24:26 | Crear | Knight |
| 24:26 | Crear | Knight |
| 24:34 | Crear | Villager (Male) |
| 24:53 | Crear | Villager (Male) |
| 25:00 | Investigar | Bow Saw |
| 25:02 | Crear | Villager (Male) |
| 25:14 | Construir | House |
| 25:17 | Construir | House |
| 25:26 | Crear | Villager (Male) |
| 25:26 | Crear | Villager (Male) |
| 25:59 | Investigar | Bodkin Arrow |
| 26:39 | Crear | Knight |
| 26:39 | Crear | Knight |
| 26:43 | Crear | Skirmisher |
| 26:43 | Crear | Archer |
| 26:43 | Crear | Archer |
Build order — los calzoncillos bien abajo
Primeras 150 de 154 acciones detectadas
| 0:01 | Crear | Villager (Male) |
| 0:01 | Crear | Villager (Male) |
| 0:01 | Crear | Villager (Male) |
| 0:02 | Construir | House |
| 0:04 | Construir | House |
| 0:21 | Crear | Villager (Male) |
| 1:28 | Construir | Palisade Gate |
| 1:38 | Crear | Villager (Male) |
| 2:07 | Crear | Villager (Male) |
| 2:26 | Crear | Villager (Male) |
| 2:26 | Crear | Villager (Male) |
| 2:30 | Construir | Lumber Camp |
| 2:43 | Crear | Villager (Male) |
| 3:20 | Crear | Villager (Male) |
| 3:21 | Crear | Villager (Male) |
| 3:21 | Crear | Villager (Male) |
| 3:30 | Construir | House |
| 3:36 | Construir | House |
| 3:40 | Construir | House |
| 3:43 | Crear | Villager (Male) |
| 4:09 | Crear | Villager (Male) |
| 4:24 | Crear | Villager (Male) |
| 4:33 | Construir | Palisade Wall |
| 5:16 | Construir | Mill |
| 5:25 | Crear | Villager (Male) |
| 5:25 | Crear | Villager (Male) |
| 6:07 | Construir | Palisade Wall |
| 6:09 | Construir | Palisade Wall |
| 6:13 | Crear | Villager (Male) |
| 6:13 | Crear | Villager (Male) |
| 6:15 | Crear | Villager (Male) |
| 6:15 | Crear | Villager (Male) |
| 6:15 | Crear | Villager (Male) |
| 6:26 | Construir | House |
| 6:38 | Construir | Palisade Wall |
| 6:44 | Construir | Palisade Wall |
| 6:46 | Construir | Palisade Wall |
| 6:50 | Crear | Villager (Male) |
| 6:50 | Crear | Villager (Male) |
| 7:02 | Construir | Palisade Wall |
| 7:04 | Construir | Palisade Wall |
| 7:21 | Construir | Palisade Gate |
| 7:31 | Crear | Villager (Male) |
| 8:41 | Investigar | Loom |
| 8:56 | Construir | Mining Camp |
| 9:01 | Investigar | Feudal Age |
| 10:09 | Construir | Palisade Gate |
| 10:30 | Construir | Farm |
| 10:31 | Construir | Farm |
| 10:31 | Construir | Farm |
| 10:31 | Construir | Farm |
| 10:31 | Construir | Farm |
| 10:32 | Construir | Farm |
| 10:32 | Construir | Farm |
| 10:32 | Construir | Farm |
| 10:37 | Crear | Villager (Male) |
| 10:51 | Crear | Villager (Male) |
| 11:22 | Edad | Edad Feudal |
| 11:30 | Construir | Lumber Camp |
| 12:23 | Construir | Watch Tower |
| 12:27 | Crear | Villager (Male) |
| 12:27 | Crear | Villager (Male) |
| 12:37 | Crear | Villager (Male) |
| 12:42 | Construir | Barracks |
| 12:45 | Investigar | Double-Bit Axe |
| 12:56 | Construir | Farm |
| 13:35 | Crear | Villager (Male) |
| 13:42 | Construir | Farm |
| 13:45 | Construir | Farm |
| 13:55 | Crear | Villager (Male) |
| 13:56 | Crear | Villager (Male) |
| 14:20 | Construir | Watch Tower |
| 14:38 | Investigar | Wheelbarrow |
| 16:19 | Construir | Watch Tower |
| 16:24 | Construir | Lumber Camp |
| 16:27 | Crear | Villager (Male) ×5 |
| 16:38 | Construir | Mining Camp |
| 18:02 | Construir | House |
| 18:05 | Crear | Villager (Male) |
| 18:51 | Construir | Blacksmith |
| 19:00 | Crear | Villager (Male) |
| 19:01 | Crear | Villager (Male) |
| 19:08 | Construir | Market |
| 19:37 | Investigar | Fletching |
| 19:53 | Investigar | Castle Age |
| 19:53 | Investigar | Castle Age |
| 20:10 | Construir | Archery Range |
| 20:22 | Construir | Watch Tower |
| 20:33 | Investigar | Horse Collar |
| 20:40 | Investigar | Padded Archer Armor |
| 21:36 | Construir | Stable |
| 21:48 | Construir | Farm |
| 22:07 | Construir | House |
| 22:09 | Construir | House |
| 22:13 | Construir | House |
| 22:15 | Construir | House |
| 22:17 | Construir | House |
| 22:32 | Construir | Farm |
| 22:33 | Edad | Edad de los Castillos |
| 22:35 | Investigar | Town Watch |
| 22:40 | Investigar | Bodkin Arrow |
| 22:47 | Crear | Genitour |
| 22:47 | Crear | Genitour |
| 23:02 | Investigar | Bloodlines |
| 23:09 | Investigar | Bow Saw |
| 23:12 | Crear | Villager (Male) ×3 |
| 23:42 | Investigar | Husbandry |
| 23:48 | Crear | Genitour |
| 23:52 | Construir | Farm |
| 24:19 | Construir | University |
| 24:26 | Crear | Villager (Male) |
| 24:38 | Construir | Monastery |
| 24:40 | Construir | Farm |
| 24:51 | Crear | Villager (Male) |
| 25:03 | Crear | Genitour |
| 25:03 | Crear | Genitour |
| 25:07 | Investigar | Leather Archer Armor |
| 25:19 | Crear | Villager (Male) |
| 25:24 | Crear | Monk |
| 25:25 | Crear | Monk |
| 25:28 | Investigar | Ballistics |
| 25:38 | Construir | Palisade Gate |
| 25:46 | Crear | Villager (Male) |
| 25:47 | Crear | Villager (Male) |
| 27:38 | Construir | Castle |
| 28:06 | Investigar | Hand Cart |
| 28:12 | Crear | Monk |
| 28:35 | Construir | Mining Camp |
| 28:43 | Crear | Camel Archer ×5 |
| 28:43 | Crear | Camel Archer ×5 |
| 30:51 | Crear | Villager (Male) ×5 |
| 31:12 | Construir | House |
| 31:14 | Construir | Farm |
| 31:17 | Construir | Farm |
| 31:51 | Investigar | Imperial Age |
| 32:22 | Crear | Camel Archer |
| 32:34 | Construir | Archery Range |
| 32:46 | Construir | Town Center |
| 33:41 | Construir | Town Center |
| 34:05 | Crear | Camel Archer |
| 34:05 | Crear | Camel Archer |
| 34:05 | Crear | Camel Archer |
| 34:06 | Crear | Camel Archer |
| 34:12 | Construir | House |
| 34:12 | Construir | House |
| 34:12 | Construir | House |
| 34:12 | Construir | House |
| 34:13 | Construir | House |
| 34:13 | Construir | House |
| 34:13 | Construir | House |
Cronología de la partida
| 4:33 | los calzoncillos bien abajo · wall_segment Palisade Wall x1 |
| 6:07 | los calzoncillos bien abajo · wall_segment Palisade Wall x8 |
| 6:09 | los calzoncillos bien abajo · wall_segment Palisade Wall x13 |
| 6:38 | los calzoncillos bien abajo · wall_segment Palisade Wall x1 |
| 6:44 | los calzoncillos bien abajo · wall_segment Palisade Wall x6 |
| 6:46 | los calzoncillos bien abajo · wall_segment Palisade Wall x8 |
| 7:02 | los calzoncillos bien abajo · wall_segment Palisade Wall x7 |
| 7:04 | los calzoncillos bien abajo · wall_segment Palisade Wall x14 |
| 8:04 | javali selvagem · first_building Barracks |
| 8:52 | javali selvagem · age_up feudal |
| 9:01 | javali selvagem · first_building Archery Range |
| 11:22 | los calzoncillos bien abajo · age_up feudal |
| 11:53 | javali selvagem · wall_segment Palisade Wall x8 |
| 12:42 | los calzoncillos bien abajo · first_building Barracks |
| 14:12 | javali selvagem · wall_segment Palisade Wall x6 |
| 14:16 | javali selvagem · wall_segment Palisade Wall x6 |
| 18:10 | javali selvagem · wall_segment Palisade Wall x1 |
| 18:19 | javali selvagem · wall_segment Palisade Wall x2 |
| 19:48 | javali selvagem · first_market_sell 100 stone |
| 19:49 | javali selvagem · first_market_buy 100 food |
| 20:10 | los calzoncillos bien abajo · first_building Archery Range |
| 21:04 | javali selvagem · wall_segment Palisade Wall x15 |
| 21:05 | javali selvagem · wall_segment Palisade Wall x1 |
| 21:11 | javali selvagem · first_building Stable |
| 21:36 | los calzoncillos bien abajo · first_building Stable |
| 22:33 | los calzoncillos bien abajo · age_up castle |
| 22:36 | javali selvagem · age_up castle |
| 23:00 | javali selvagem · wall_segment Palisade Wall x3 |
| 24:13 | javali selvagem · wall_segment Palisade Wall x1 |
| 24:38 | los calzoncillos bien abajo · first_building Monastery |
| 27:38 | los calzoncillos bien abajo · first_building Castle |
| 33:32 | los calzoncillos bien abajo · first_market_buy 100 stone |
| 33:52 | javali selvagem · first_building Monastery |
| 35:16 | los calzoncillos bien abajo · age_up imperial |
| 35:34 | javali selvagem · resign |
[ ANÁLISIS IA · 1 CRÉDITO ]
¿Qué pasó realmente en esta partida?
Wolo.gg analiza cada decisión: build order, eco, micro, errores típicos por bracket. Análisis personalizado por WhatsApp o Discord en 30 segundos.
Guía civ
Etíopes
Perfil
Jugador #1774229